 Dungeon Crawl Stone Soup version 0.31.0-12-g77e489cdc1 (webtiles) character file.

Game seed: 16101981378034091210

79 Arex the Ruffian (level 4, 37/37 HPs)
             Began as a Draconian Shapeshifter on Feb 10, 2024.
             Was a Follower of Sif Muna.
             Quit the game on level 2 of the Dungeon on Feb 13, 2024.
             The game lasted 00:02:30 (1288 turns).

Arex the Ruffian (Draconian Shapeshifter)           Turns: 1288, Time: 00:02:31

Health: 37/37      AC:  5    Str: 18    XL:     4   Next: 17%
Magic:  4/4        EV: 12    Int: 11    God:    Sif Muna [*.....]
Gold:   98         SH:  0    Dex: 10    Spells: 3/3 levels left

rFire   . . .        i - +4 short sword (speed)
rCold   . . .        (no shield)
rNeg    . . .        (body armour unavailable)
rPois   .            (helmet currently unavailable)
rElec   .            (cloak currently unavailable)
rCorr   .            (gloves currently unavailable)
SInv    .            (boots currently unavailable)
Will    .....        (no amulet)
Stlth   +            (no ring)
HPRegen 0.26/turn    (no ring)
MPRegen 0.09/turn

%: no passive effects
@: beast-form
A: beast (slay +1), AC +5, unfitting armour, cold-blooded
a: Begin Untransformation, Renounce Religion, Channel Magic


You were on level 2 of the Dungeon.
You worshipped Sif Muna.
Sif Muna was aware of your devotion.
You were a hulking beast.
You visited 1 branch of the dungeon, and saw 2 of its levels.

You collected 98 gold pieces.

Inventory:

Hand Weapons
 i - a +4 short sword of speed (weapon)
Missiles
 g - 2 javelins (quivered)
Jewellery
 e - a ring of wizardry
Talismans
 b - a beast talisman
 c - a flux talisman
Scrolls
 h - a scroll of poison {unknown}
 j - a scroll of fog {unknown}
 l - a scroll of silence {unknown}
 m - a scroll of immolation {unknown}
 o - a scroll of teleportation
 p - a scroll of noise {unknown}
Potions
 a - 2 potions of lignification
 d - a potion of brilliance
 f - a potion of enlightenment
 n - a potion of haste {unknown}


   Skills:
 + Level 2.4 Fighting
 + Level 2.4 Dodging
 + Level 3.6 Unarmed Combat
 + Level 3.4 Shapeshifting


You had 3 spell levels left.
You didn't know any spells.
Your spell library contained the following spells:

 Spells                   Type           Power      Damage    Failure   Level
 Necrotise                Necr           0%         1d4       34%         1
 Fugue of the Fallen      Necr           0%         N/A       71%         3
 Ozocubu's Armour         Ice            0%         N/A       71%         3
 Vampiric Draining        Necr           0%         2d6       71%         3
 Manifold Assault         Tloc           0%         N/A       98%         4
 Martyr's Knell           Necr/Summ      0%         N/A       98%         4
 Alistair's Intoxication  Alch           0%         N/A       100%        5
 Borgnjor's Vile Clutch   Necr/Erth      0%         N/A       100%        5
 Curse of Agony           Necr           0%         N/A       100%        5
 Eringya's Noxious Bog    Alch           0%         4d6       100%        6


Dungeon Overview and Level Annotations

Branches:
Dungeon (2/15) Zot: 10732

Altars:
Sif Muna


Innate Abilities, Weirdness & Mutations

You are a hulking beast.
Your limbs bulge with bestial killing power. (Slay +1)
Your plain brown scales are hard. (AC +5)
You cannot fit into any form of body armour.
You are cold-blooded and may be slowed by cold attacks.


Message History

A rat is nearby!
A rat is nearby!
A rat is nearby!
You closely miss the rat. The rat barely misses you.
You closely miss the rat. The rat barely misses you.
You puncture the rat!
You kill the rat!
No target in view!
No target in view!
No target in view!
No target in view!
No target in view!
You see here a rat corpse.
You see here a rat corpse.
Done exploring.
Done exploring.
Done exploring.
Done exploring.
No target in view!
As you read the scroll labelled PIPPYU DUKHA, it crumbles to dust.
You feel strangely unstable.
It was a scroll of teleportation.
Unknown command.
As you read the scroll labelled GAELA CUTTEYN, it crumbles to dust.
It is a scroll of identify.
d - a potion of brilliance
As you read the scroll of identify, it crumbles to dust.
f - a potion of enlightenment Your surroundings suddenly seem different.
There is a faded altar of an unknown god here.
This altar belongs to (a) Nemelex Xobeh, (b) Sif Muna or (c) Ru, but you can't tell which.
Press the corresponding letter to learn more about a god, or press enter to convert or escape to cancel.
Okay, then.
This altar belongs to (a) Nemelex Xobeh, (b) Sif Muna or (c) Ru, but you can't tell which.
Press the corresponding letter to learn more about a god, or press enter to convert or escape to cancel.
Sif Muna accepts your prayer! Sif Muna welcomes you!
You can now call upon Sif Muna for magical energy.
Welcome back, Arex the Draconian Shapeshifter.
Sif Muna whispers: I know many secrets...
Press ? for a list of commands and other information.
Okay, then.
Are you sure you want to abandon this character and quit the game? (Confirm with "yes".)

.....# #.).........##.#####..)##.
.....# #...........#.......#..#).
.....# #.............####....(##)
†....###.......8.8.### #..#...##
.<...##........#'#.### ##)#.#...
.....##.#......#.#..(#####.#>###.
....#...###..###.###...##.....##.
...##.#####..#8...8#.#.##.....###
.####.## #...#..h..#...##.)...# #
.......###.#.#8...8#.#....#####
#####......#.###.###.####.######
#.###......#.#...# #......##
#.###......#'#...## ######...
#.....#....8.8.#..###........
###..###..#......##.....#####.#
###..........##..##...##.## #..
.............##.###[####.# ###


There were no monsters in sight!

Vanquished Creatures
  3 adders
  A dart slug (D:2)
  A ribbon worm (D:2)
  4 endoplasms
  A giant cockroach (D:2)
  7 goblins
  4 hobgoblins
  3 jackals (D:2)
  8 kobolds
  A quokka (D:2)
  6 ball pythons
  A frilled lizard (D:2)
  3 rats
43 creatures vanquished.

Notes
Turn   | Place    | Note
-------+----------+-------------------------------------------
     0 | D:1      | Arex the Draconian Shapeshifter began the quest for the
                  | Orb.
     0 | D:1      | Reached XP level 1. HP: 16/16 MP: 1/1
   108 | D:1      | Reached XP level 2. HP: 22/23 MP: 2/2
   684 | D:1      | Reached XP level 3. HP: 26/29 MP: 3/3
   982 | D:2      | Reached XP level 4. HP: 30/37 MP: 4/4
  1101 | D:2      | Found a faded altar of an unknown god.
  1287 | D:2      | Prayed at the altar of an unknown god.
  1287 | D:2      | Became a worshipper of Sif Muna the Loreminder
  1287 | D:2      | Reached * piety under Sif Muna
  1288 | D:2      | Upgraded the game from 0.31.0-11-ge490571c62 to
                  | 0.31.0-12-g77e489cdc1
  1288 | D:2      | Quit the game

Illustrated notes

Levels and vault maps discovered:
D:1:      dpeg_arrival_pits, layout_loops_ring, minmay_misc_feat_secret_circle,
          hangedman_decor_growths, nicolae_concentric_dashed_squares_wild
D:2:      layout_rooms, dreamdust_ecumenical_altar_angels_and_demons,
          dreamdust_princess_bridge, minmay_three_crescents

Skill      XL: |  1  2 |
---------------+-------+-----
Dodging        | 2 |  2.4
Fighting       | 2 |  2.4
Unarmed Combat | |  3.6
Shapeshifting  | |  3.4

Action                     |  1- 3 |  4- 6 || total
---------------------------+-------+-------++-------
  Melee: Unarmed           |    36 |       ||    36
         Tailslap          |     7 |       ||     7
         Short sword       |    41 |    17 ||    58
         Punch             |     2 |       ||     2
    Use: Scroll            |     3 |     3 ||     6
 Armour: Skin              |    35 |     6 ||    41
  Dodge: Dodged            |    46 |    12 ||    58
